 Dungeon Crawl Stone Soup version 0.29.1-2-gbd0b4ee654 (webtiles) character file.

Game seed: 5197228598001581799

14 nshep25 the Sneak (level 2, -1/24 HPs)
             Began as a Human Delver on Nov 28, 2022.
             Frozen to death by an endoplasm (5 damage)
             ... on level 1 of the Dungeon.
             The game lasted 00:03:49 (931 turns).

nshep25 the Sneak (Human Delver)                     Turns: 931, Time: 00:03:50

Health: -1/24      AC:  3    Str: 12    XL:     2   Next: 60%
Magic:  2/2        EV: 12    Int: 10    God:
Gold:   39         SH:  0    Dex: 14    Spells: 1/1 levels left

rFire   . . .      SeeInvis .   a - +0 falchion
rCold   . . .      Faith    .   (no shield)
rNeg    . . .      Spirit   .   b - +0 leather armour
rPois   .          Reflect  .   (no helmet)
rElec   .          Harm     .   (no cloak)
rCorr   .          Rampage  .   (no gloves)
Will    .....                   (no boots)
Stlth   +++.......              (no amulet)
HPRegen 0.08/turn               (no ring)
MPRegen 0.08/turn               (no ring)

@: no status effects
A: no striking features
a: no special abilities


You were on level 1 of the Dungeon.
You visited 1 branch of the dungeon, and saw 5 of its levels.

You collected 39 gold pieces.

Inventory:

Hand Weapons
 a - a +0 falchion (weapon)
Armour
 b - a +0 leather armour (worn)
 o - a +0 ring mail
Magical Staves
 j - a staff of fire
Wands
 g - a wand of digging (3)
Scrolls
 c - a scroll of fog
 d - a scroll of magic mapping
 e - a scroll of fear
 h - 3 scrolls of identify {unknown}
 i - a scroll of noise {unknown}
 k - a scroll of summoning {unknown}
 l - a scroll of amnesia {unknown}
 n - a scroll of poison {unknown}
 p - a scroll of teleportation {unknown}
Potions
 f - a potion of haste
 m - a potion of heal wounds {unknown}
 q - 2 potions of brilliance {unknown}


   Skills:
 + Level 3.1 Fighting
 + Level 2.1 Long Blades
 + Level 0.4 Armour
 + Level 2.1 Dodging
 + Level 5.3 Stealth


You had one spell level left.
You didn't know any spells.
Your spell library contained the following spells:

 Spells                   Type           Power      Damage    Failure   Level
 Summon Lightning Spire   Summ/Air       0%         N/A       99%         4
 Storm Form               Tmut/Air       0%         N/A       100%        7
 Maxwell's Capacitive Co  Air            0%         ∞         100%        8


Dungeon Overview and Level Annotations

Branches:
Dungeon (5/15)
 Temple: D:4-7

Altars:
Uskayaw


Message History

The hobgoblin misses you.
You barely miss the hobgoblin. The hobgoblin closely misses you.
The hobgoblin hits you but does no damage.
You closely miss the hobgoblin. The hobgoblin barely misses you.
You slash the hobgoblin!
You kill the hobgoblin!
q - 2 grey potions
There is a stone staircase leading up here.
You climb upwards.
The goblin shouts!
The frilled lizard hisses angrily.
Found a scroll labelled LYJACE SAYNO.
There is a stone staircase leading down here.
Found a coppery potion.
You hit the goblin.
You kill the goblin!
An endoplasm comes into view.
You see here a +0 dagger.
The frilled lizard closely misses you.
You closely miss the frilled lizard. The frilled lizard bites you.
You closely miss the frilled lizard. The frilled lizard bites you.
You closely miss the frilled lizard. The endoplasm misses you.
The frilled lizard misses you.
You closely miss the frilled lizard.
The endoplasm hits you but does no damage.
The frilled lizard hisses.
The frilled lizard closely misses you. The frilled lizard bites you.
The endoplasm freezes you.
You are frozen.
You hit the endoplasm but do no damage. The endoplasm barely misses you.
The frilled lizard bites you.
You miss the frilled lizard. The endoplasm freezes you.
You are frozen.
* * * LOW HITPOINT WARNING * * *
The frilled lizard bites you but does no damage.
You hit the frilled lizard.
You kill the frilled lizard!
The endoplasm freezes you.
You are frozen.
You die...

... #..#. ##..#.
#....### #...?..
# #.....####.#
#...J......#
#####....@.....#
.......>.)######
###.###..........
.............
#.!#+#+#+#+#+#.
#. #


You could see an endoplasm.

Vanquished Creatures
  A worm (D:3)
  3 endoplasms
  2 goblins
  A hobgoblin (D:2)
  A quokka (D:4)
  A ball python (D:3)
  A frilled lizard (D:1)
  2 rats (D:2)
12 creatures vanquished.

Notes
Turn   | Place    | Note
-------+----------+-------------------------------------------
     0 | D:5      | nshep25 the Human Delver began the quest for the Orb.
     0 | D:5      | Reached XP level 1. HP: 18/18 MP: 1/1
     1 | D:5      | Noticed an ogre
   369 | D:3      | Found a hide-covered altar of Uskayaw.
   377 | D:3      | Reached XP level 2. HP: 24/24 MP: 2/2
   931 | D:1      | Frozen to death by an endoplasm

Illustrated notes

Levels and vault maps discovered:
D:1:      dpeg_arrival_arbitrary_b, layout_basic,
          hellmonk_ecumenical_altar_inner_sanctum, serial_forest,
          infiniplex_forest_end_1, infiniplex_forest_straight_1,
          infiniplex_forest_join, infiniplex_forest_zigzag_1,
          infiniplex_forest_straight_5, st_stairs_8, minmay_rat_gold_closets
D:2:      minmay_alternating_diamond, layout_basic, columned_hall_lemuel
D:3:      layout_basic, nicolae_overflow_hidden_temple, st_stairs_3
D:4:      layout_loops_ring, serial_bayou_lagoon_a
D:5:      layout_gridville, minmay_temple_entry_sparse_star,
          uniq_crazy_yiuf_cottage, uniq_edmund, uniq_duvessa

Action                   || total
-------------------------++-------
Melee: Falchion          ||    37
 Stab: Sleeping          ||     2
Armor: Leather armour    ||     8
Dodge: Dodged            ||    18
